 Dungeon Crawl Stone Soup version 0.28.0-45-g0d030f2227 (webtiles) character file.

Game seed: 13308769560755321210

148 nickcage the Cudgeller (level 5, -4/45 HPs)
             Began as a Minotaur Abyssal Knight on Apr 11, 2022.
             Was a Priest of Lugonu.
             Slain by a river rat (5 damage)
             ... in a sewer.
             The game lasted 00:06:42 (2524 turns).

nickcage the Cudgeller (Minotaur Abyssal Knight)    Turns: 2524, Time: 00:06:43

Health: -4/45      AC:  6    Str: 19    XL:     5   Next: 8%
Magic:  5/5        EV: 10    Int:  7    God:    Lugonu [***...]
Gold:   144        SH:  0    Dex: 11    Spells: 4/4 levels left

rFire   . . .      SeeInvis .   a - +1 mace
rCold   . . .      Faith    .   (no shield)
rNeg    . . .      Spirit   .   g - +0 ring mail
rPois   .          Reflect  .   d - +1 hat
rElec   .          Harm     .   (no cloak)
rCorr   .          Rampage  .   (no gloves)
Will    .....                   (no boots)
Stlth   +.........              (no amulet)
HPRegen 0.15/turn               l - ring of flight
MPRegen 0.09/turn               (no ring)

@: flying
A: horns 2, retaliatory headbutt
a: Renounce Religion, Depart the Abyss, Bend Space, Banish


You were in a sewer.
You worshipped Lugonu.
Lugonu was most pleased with you.
You visited 1 branch of the dungeon, and saw 3 of its levels.
You visited the Abyss 1 time.
You also visited: Sewer.

You collected 144 gold pieces.

Inventory:

Hand Weapons
 a - a +1 mace (weapon)
Missiles
 f - 6 poisoned darts (quivered)
Armour
 b - a +0 leather armour
 d - a +1 hat (worn)
 g - a +0 ring mail (worn)
Jewellery
 l - a ring of flight (left hand)
Wands
 e - a wand of polymorph (8)
 k - a wand of acid (7)
Scrolls
 c - a scroll of amnesia {unknown}
 m - a scroll of identify
 n - 3 scrolls of teleportation {unknown}
 o - 3 scrolls of enchant armour {unknown}
Potions
 h - a potion of berserk rage
 i - a potion of ambrosia {unknown}
 j - a potion of heal wounds {unknown}
 p - 4 potions of flight


   Skills:
 - Level 3.6 Fighting
 + Level 6.4 Maces & Flails
 - Level 2.4 Armour
 - Level 1.1 Dodging
 - Level 1.7 Invocations


You had 4 spell levels left.
You didn't know any spells.
Your spell library was empty.

Dungeon Overview and Level Annotations

Branches:
Dungeon (3/15)              Sewer (1/1)

Altars:


Innate Abilities, Weirdness & Mutations

You have a pair of horns on your head.
You reflexively headbutt those who attack you in melee.


Message History

You hit the river rat.
The river rat is almost dead.
The river rat bites you. x2; The river rat misses you.
The river rat bites you but does no damage.
You barely miss the river rat.
The river rat is almost dead.
The river rat barely misses you. The river rat bites you.
The river rat bites you but does no damage.
The river rat misses you.
You hit the river rat but do no damage.
The river rat is almost dead.
The river rat bites you but does no damage.
The river rat misses you. The river rat bites you. x2
You hit the river rat but do no damage.
The river rat is almost dead.
The river rat bites you. x2; The river rat closely misses you.
The river rat barely misses you.
The river rat bites you but does no damage.
You hit the river rat.
You kill the river rat!
Lugonu accepts your kill.
The river rat bites you but does no damage.
The river rat barely misses you. x2
You have reached level 5!
You sock the river rat! You headbutt the river rat.
You kill the river rat!
Lugonu accepts your kill. The river rat bites you.
* * * LOW HITPOINT WARNING * * *
The river rat barely misses you.
You barely miss the river rat. The river rat closely misses you.
The river rat bites you!
* * * LOW HITPOINT WARNING * * *
You closely miss the river rat.
The river rat twitches its whiskers.
The river rat bites you.
* * * LOW HITPOINT WARNING * * *
The river rat bites you but does no damage.
The river rat bites you.
You die...

#≈≈.# #≈≈.##.'..+ #≈≈≈#
#≈≈≈# #≈≈≈##.#..# #.≈≈#
#≈≈.# #.≈≈## #..# #.≈.#
#≈≈≈# #≈≈≈# #.≈# #.≈≈#
#≈≈≈# #≈≈≈# #≈≈# #.≈≈#
#≈≈≈###≈≈≈####≈≈####≈≈.#
#≈≈≈≈≈≈≈≈≈≈≈≈≈≈≈≈≈≈≈≈≈≈#
#≈≈≈≈≈≈≈≈≈≈≈≈r≈≈≈≈≈≈≈≈≈#
#≈≈≈≈≈.≈≈≈≈.@r..≈.≈≈≈.≈#
#≈≈≈.###############≈≈≈#
#≈≈≈.## ### #≈≈≈#
#≈≈≈÷≈# #.## #≈≈≈#
#≈≈.†.###..# #≈≈≈#
#≈≈≈.≈.#...# #≈≈≈#
#≈≈≈≈..#...# #≈≈≈#
#≈≈≈#......# #≈≈≈#
#≈≈≈#≈.....#


You could see 2 river rats.

Vanquished Creatures
  4 adders
  4 river rats (Sewer)
  3 worms
  4 endoplasms
  4 giant cockroaches
  5 goblins
  4 hobgoblins
  5 quokkas
  14 ball pythons
  9 bats
  3 frilled lizards
  7 kobolds
  2 rats
68 creatures vanquished.

Notes
Turn   | Place    | Note
-------+----------+-------------------------------------------
     0 | Abyss:1  | nickcage the Minotaur Abyssal Knight began the quest for
                  | the Orb.
     0 | Abyss:1  | Reached XP level 1. HP: 19/19 MP: 1/1
    16 | D:1      | Escaped the Abyss
   211 | D:1      | Reached skill level 3 in Maces & Flails
   468 | D:1      | Reached XP level 2. HP: 23/26 MP: 2/2
   729 | D:2      | Found a faded altar of an unknown god.
   768 | D:2      | Reached skill level 4 in Maces & Flails
   847 | D:2      | Reached XP level 3. HP: 31/31 MP: 3/3
   935 | D:2      | Reached ** piety under Lugonu
  1434 | D:2      | Reached skill level 5 in Maces & Flails
  1931 | D:3      | Found a glowing drain.
  1935 | Sewer    | Entered a sewer
  1943 | Sewer    | Reached XP level 4. HP: 39/39 MP: 4/4
  2055 | Sewer    | Reached skill level 6 in Maces & Flails
  2388 | Sewer    | Reached *** piety under Lugonu
  2522 | Sewer    | Reached XP level 5. HP: 15/45 MP: 5/5
  2524 | Sewer    | HP: 1/45 [river rat (4)]
  2524 | Sewer    | Slain by a river rat

Illustrated notes

Levels and vault maps discovered:
D:1:      heliophobic_arrival_ceremonial_halls, layout_loops_ring
D:2:      layout_loops_ring, dreamdust_ecumenical_altar_statues,
          minmay_heptomino_o4
D:3:      layout_loops_corners, gup_sewer_entry_bowl
Sewer:    sewer_fruit_machine

Skill      XL: |  1  2  3  4 |
---------------+-------------+-----
Maces & Flails | 3 4 5 6 |  6.4
Fighting       | |  3.6
Armour         | |  2.4
Dodging        | |  1.1
Invocations    | |  1.7

Action                   |  1- 3 |  4- 6 || total
-------------------------+-------+-------++-------
Melee: Mace              |    94 |    50 ||   144
       Headbutt          |    10 |     8 ||    18
  Use: Scroll            |     3 |       ||     3
Armor: Leather armour    |    18 |       ||    18
       Ring mail         |    15 |    28 ||    43
Dodge: Dodged            |    66 |    38 ||   104
